 Dungeon Crawl Stone Soup version 0.14-a0-2340-g8df0fbc (webtiles) character file.

790 4tharraofdagon the Poker (level 7, -8/37 HPs)
             Began as a Vine Stalker Gladiator on Jan 30, 2014.
             Killed from afar by an adder (29 damage)
             ... with an exploding inner flame
             ... on Level 5 of the Dungeon.
             The game lasted 00:07:23 (1080 turns).

4tharraofdagon the Poker (Vine Stalker Gladiator)   Turns: 1080, Time: 00:07:24

HP  -8/37        AC 12     Str 20      XL: 7   Next: 50%
MP   0/9         EV  5     Int  8      God:
Gold 154         SH  0     Dex 14      Spells:  0 memorised,  6 levels left

rFire  . . .     SeeInvis .     g - +0 spear (pierce)
rCold  + . .     Clarity  +     n - +0 plate armour
rNeg   . . .     Conserve .     (no shield)
rPois  .         rCorr    .     c - +0 helmet
rElec  .         rRot     +     (no cloak)
SustAb . .       Spirit   +     (no gloves)
rMut   .         Warding  .     (no boots)
Saprov . . .     Stasis   .     (no amulet)
MR     .....                    (no ring)
                                (no ring)

@: mildly poisoned, very slightly contaminated, hasted, very quick, not
resistant to hostile enchantments, extremely unstealthy
A: fangs 2, clarity, cold resistance 1, regeneration 3, magic shield, antimagic
bite, no device heal
a: no special abilities


You were on level 5 of the Dungeon.
You were not hungry.

You visited 1 branch of the dungeon, and saw 5 of its levels.
You also visited: Sewer.

You collected 154 gold pieces.

Inventory:

Hand weapons
 a - a +0,+0 falchion
 g - a +0,+0 spear of piercing (weapon)
Armour
 b - a +0 leather armour
 c - a +0 helmet (worn)
 n - a +0 plate armour (worn)
Comestibles
 f - 2 bread rations
 h - 2 meat rations
 o - a choko
Scrolls
 m - a scroll of curse armour
 s - a scroll of random uselessness
Potions
 d - a potion of curing {unknown}
 e - a potion of invisibility
 k - a potion of flight
 r - a potion of restore abilities
Books
 t - a book of Changes

   Spells                             Type                      Level
   Beastly Appendage                  Transmutation                1
   Sticks to Snakes                   Transmutation                2
   Spider Form                        Transmutation/Poison         3
   Ice Form                           Ice/Transmutation            4
   Blade Hands                        Transmutation                5


   Skills:
 + Level 3.6 Fighting
 - Level 2.7 Long Blades
 * Level 4.4 Polearms
 - Level 1.7 Throwing
 + Level 2.4 Armour
 + Level 3.6 Dodging


You had 6 spell levels left.
You didn't know any spells.

Dungeon Overview and Level Annotations

Branches:
Dungeon (5/16)             Temple (0/1) D:5

Altars:
Trog


Innate Abilities, Weirdness & Mutations

You have extremely sharp teeth.
You regenerate.
When hurt, damage is shared between your health and your magic reserves.
Your bite disrupts and absorbs the magic of your enemies.
Potions and wands cannot restore your HP.
You possess an exceptional clarity of mind.
Your flesh is cold resistant.


Message History

You feel sick. The adder bites you.
Unknown command.
Drink which item? (? for menu, Esc to quit)
You feel yourself speed up.
You feel sick. The adder bites you.
You are very lightly contaminated with residual magic.
You closely miss the adder.
The adder is severely wounded.
You feel sick. The adder bites you but does no damage.
Unknown command.
You hit the adder. Your bite misses the adder.
The adder is almost dead.
The adder bites you but does no damage.
Unknown command.
Unknown command.
You hit the adder.
The adder explodes!
The fiery explosion engulfs the yellow wasp.
The fiery explosion engulfs you!
Ouch! That really hurt!
You die...

####+## #....⌠.⌠ .. #
#).>.....>..#
#....⌠.⌠....# #8.........8
############### +######
####........# .......
####...........#
.......§##....##........##
.....>.y'@.#####..........
.......§#### #........#.
....... #........#.
....... #........##
....... #........# ......
########## #####


You could see a yellow wasp (inner flame).

Vanquished Creatures
  Menkaure (D:4)
  The ghost of Mygna the Ruffian, an average VSTm (Sewer)
  An ogre (D:4)
  2 giant frogs (Sewer)
  A hound (D:5)
  A crimson imp (D:4)
  A giant frog skeleton (D:5)
  A worker ant zombie (D:2)
  5 adders
  2 giant mites (Sewer)
  An inept item mimic (D:2)
  A worm (D:5)
  3 giant geckos (Sewer)
  5 orcs
  2 bats
  A bat zombie (D:2)
  3 goblins (D:2)
  3 hobgoblins
  A quokka (D:4)
  4 ball pythons
  10 giant cockroaches
  3 giant newts
  2 goblin zombies (D:2)
  A hobgoblin zombie (D:2)
  2 kobolds (D:2)
  2 kobold zombies (D:2)
  An orc skeleton (D:2)
  A quokka skeleton (D:2)
  4 rats
  2 rat skeletons (D:2)
68 creatures vanquished.

Notes
Turn   | Place    | Note
--------------------------------------------------------------
     0 | D:1      | 4tharraofdagon, the Vine Stalker Gladiator, began the quest for the Orb.
     0 | D:1      | Reached XP level 1. HP: 11/11 MP: 1/1
   147 | D:2      | Reached skill level 1 in Polearms
   147 | D:2      | Reached XP level 2. HP: 13/15 MP: 3/3
   187 | D:2      | Reached XP level 3. HP: 15/18 MP: 4/4
   365 | D:3      | Reached XP level 4. HP: 23/23 MP: 5/5
   425 | D:4      | Noticed Menkaure
   438 | D:4      | Killed Menkaure
   438 | D:4      | Reached skill level 1 in Armour
   438 | D:4      | Reached skill level 3 in Dodging
   438 | D:4      | Reached XP level 5. HP: 13/28 MP: 7/7
   476 | D:4      | Noticed an ogre
   502 | D:4      | Killed an ogre
   502 | D:4      | Gained mutation: You heal very quickly. [vine stalker growth]
   502 | D:4      | Reached XP level 6. HP: 25/32 MP: 8/8
   593 | D:4      | Found a glowing drain.
   614 | Sewer    | Entered a sewer
   684 | Sewer    | Noticed Mygna's ghost (average VSTm)
   703 | Sewer    | Killed Mygna's ghost
   803 | Sewer    | Reached skill level 4 in Polearms
   803 | Sewer    | Reached XP level 7. HP: 24/36 MP: 9/9
   880 | D:4      | Found a bloodstained altar of Trog.
   880 | D:4      | Noticed a wizard
   911 | D:5      | Entered Level 5 of the Dungeon
   978 | D:5      | Found a staircase to the Ecumenical Temple.
  1069 | D:5      | Gained mutation: Your flesh is cold resistant. [potion of mutation]
  1069 | D:5      | Gained mutation: You possess an exceptional clarity of mind. [potion of mutation]
  1069 | D:5      | Gained mutation: You regenerate. [potion of mutation]
  1080 | D:5      | Killed from afar by an adder

Action                   |  1- 3 |  4- 6 |  7- 9 || total
-------------------------+-------+-------+-------++-------
Melee: Spear             |    77 |   108 |    40 ||   225
       Falchion          |     1 |       |       ||     1
Throw: Throwing net      |       |     5 |       ||     5
  Use: Scroll            |       |       |     8 ||     8
       Potion            |       |       |     2 ||     2
 Stab: Held in net/web   |       |     3 |       ||     3
